 Dungeon Crawl Stone Soup version 0.21-a0-278-ga722497 (webtiles) character file.

254 tilp the Firebug (level 6, -1/45 HPs)
             Began as a Hill Orc Fire Elementalist on Sept 22, 2017.
             Was an Initiate of Okawaru.
             Slain by a hippogriff (8 damage)
             ... on level 4 of the Dungeon.
             The game lasted 00:13:39 (4446 turns).

tilp the Firebug (Hill Orc Fire Elementalist)       Turns: 4446, Time: 00:13:40

Health: -1/45      AC:  2    Str: 11    XL:     6   Next: 14%
Magic:  0/9        EV: 12    Int: 17    God:    Okawaru [......]
Gold:   195        SH:  0    Dex: 11    Spells: 4/10 levels left

rFire    . . .     SeeInvis .   a - +0 dagger
rCold    . . .     Gourm    .   (no shield)
rNeg     . . .     Faith    .   k - +0 robe
rPois    .         Spirit   .   (no helmet)
rElec    .         Reflect  .   (no cloak)
rCorr    .         Harm     .   (no gloves)
MR       .....                  (no boots)
Stlth    ++........             (no amulet)
HPRegen  0.15/turn              (no ring)
MPRegen  0.11/turn              (no ring)

@: no status effects
A: no striking features
a: Renounce Religion


You were on level 4 of the Dungeon.
You worshipped Okawaru.
Okawaru was noncommittal.
You were not hungry.

You visited 1 branch of the dungeon, and saw 4 of its levels.

You collected 195 gold pieces.

Inventory:

Hand Weapons
 a - a +0 dagger (weapon)
 b - a +0 hunting sling
 i - a +0 hand axe
Missiles
 h - 106 stones (quivered)
Armour
 k - a +0 robe (worn)
 y - a +0 ring mail of cold resistance
Jewellery
 F - an uncursed amulet of harm {unknown}
Wands
 C - a wand of polymorph (16/24)
Scrolls
 g - a scroll of blinking
 l - a scroll of immolation
 m - 2 scrolls of teleportation
 n - a scroll of fog
 r - a scroll of enchant weapon
 x - a scroll of remove curse
 D - a scroll of amnesia {unknown}
Potions
 d - 2 potions of curing
 e - 2 potions of agility {unknown}
 f - a potion of ambrosia {unknown}
 o - a potion of resistance {unknown}
 q - 2 potions of flight {unknown}
 s - a potion of invisibility {unknown}
 t - a potion of heal wounds {unknown}
 u - a potion of haste {unknown}
 w - a potion of might {unknown}
 z - a potion of degeneration {unknown}
 A - a potion of mutation {unknown}
Books
 j - a book of Flames

   Spells                             Type                      Level
   a - Flame Tongue                   Conjuration/Fire             1
   b - Throw Flame                    Conjuration/Fire             2
   c - Conjure Flame                  Conjuration/Fire             3
   d - Inner Flame                    Hexes/Fire                   3
   e - Sticky Flame                   Conjuration/Fire             4
   f - Fireball                       Conjuration/Fire             5
Comestibles
 c - 3 bread rations
 p - 2 chunks of flesh
 B - 2 meat rations
 E - 3 fruits


   Skills:
 - Level 1.5 Dodging
 - Level 1.5 Stealth
 + Level 2.6 Spellcasting
 + Level 4.0 Conjurations
 + Level 4.8 Fire Magic


You had 4 spell levels left.
You knew the following spells:

 Your Spells              Type           Power        Failure   Level  Hunger
a - Flame Tongue          Conj/Fire      ###..        3%          1    #......
b - Throw Flame           Conj/Fire      ###...       4%          2    ##.....
c - Conjure Flame         Conj/Fire      ###.....     9%          3    ###....


Dungeon Overview and Level Annotations

Branches:
Dungeon (4/15)
 Temple: D:4-7

Altars:
Dithmenos
Elyvilon
Hepliaklqana
Nemelex Xobeh
Okawaru
Vehumet
Zin
The Shining One

Annotations:
D:4 Edmund


Message History

The hippogriff claws you!
You barely miss the hippogriff.
The hippogriff is severely wounded.
The hippogriff misses you. The hippogriff completely misses you.
The hippogriff barely misses you.
Casting: Flame Tongue
Confirm with . or Enter, or press ? or * to list all spells.
Aiming: Flame Tongue
Press: ? - help, Shift-Dir - straight line, f/p - hippogriff
Aim: a hippogriff (severely wounded)
The flame tongue hits the hippogriff.
The hippogriff is severely wounded.
The hippogriff bites you! The hippogriff closely misses you.
The hippogriff claws you!
You barely miss the hippogriff.
The hippogriff is severely wounded.
The hippogriff bites you!
* * * LOW HITPOINT WARNING * * *
The hippogriff barely misses you. The hippogriff claws you!
You die...

###########
#.........###
#.######..... #.# #..###
##### ##.######..###
......#####............#
#....@H(..(######..#.#
......#####..# #..#.#
##.#. #..# #..... #
##..# #.....
####...######.....
......H.........###
#####..########.# #..#
#.# .%..# #.#


You could see a hippogriff.

Vanquished Creatures
  A centaur skeleton (D:4)
  An orc wizard (D:3)
  3 worker ants (D:4)
  4 adders
  2 oozes
  5 worms
  A dart slug (D:3)
  3 orcs
  6 bats
  5 giant cockroaches
  5 goblins
  7 hobgoblins
  8 jackals
  3 kobolds
  2 quokkas
  4 frilled lizards (D:2)
  A quokka skeleton (D:4)
  8 rats
69 creatures vanquished.

Vanquished Creatures (others)
  An orc wizard (D:4)
  An orc (D:4)
2 creatures vanquished.

Grand Total: 71 creatures vanquished

Notes
Turn   | Place    | Note
-------+----------+-------------------------------------------
     0 | D:1      | tilp the Hill Orc Fire Elementalist began the quest for the Orb.
     0 | D:1      | Reached XP level 1. HP: 14/14 MP: 3/3
   290 | D:1      | Reached XP level 2. HP: 20/20 MP: 1/4
   325 | D:1      | Learned a level 2 spell: Throw Flame
  1181 | D:1      | Reached XP level 3. HP: 12/26 MP: 0/5
  1741 | D:2      | Reached XP level 4. HP: 32/33 MP: 1/6
  1824 | D:2      | Found a shadowy altar of Dithmenos.
  1837 | D:2      | Learned a level 3 spell: Conjure Flame
  1930 | D:2      | Found a hazy altar of Hepliaklqana.
  1932 | D:2      | Found a radiant altar of Vehumet.
  1934 | D:2      | Found an iron altar of Okawaru.
  1935 | D:2      | Found a glowing silver altar of Zin.
  1936 | D:2      | Found a glowing golden altar of the Shining One.
  1937 | D:2      | Found a sparkling altar of Nemelex Xobeh.
  1938 | D:2      | Found a white marble altar of Elyvilon.
  1941 | D:2      | Became a worshipper of Warmaster Okawaru
  3031 | D:3      | Reached XP level 5. HP: 38/38 MP: 2/8
  3868 | D:4      | Noticed Edmund
  4263 | D:4      | Reached XP level 6. HP: 45/45 MP: 1/9
  4360 | D:4      | Noticed a hippogriff
  4446 | D:4      | Slain by a hippogriff

Vault maps used:
D:1:      wheals_arrival_shading, hex_large
D:2:      minitemple, first_bread
D:3:      minmay_hedge_maze
D:4:      lemuel_doored_altar, grunt_qazlal_clouds, uniq_ijyb, uniq_edmund

Skill      XL: |  1  2  3  4  5  6 |
---------------+-------------------+-----
Conjurations   | 2 3 4 |  4.0
Fire Magic     | 4 |  4.8
Spellcasting   | 2 |  2.6
Dodging        | |  1.5
Stealth        | |  1.5

Action                   |  1- 3 |  4- 6 || total
-------------------------+-------+-------++-------
Melee: Dagger            |    17 |    46 ||    63
       Hand axe          |     2 |       ||     2
 Fire: Hunting sling     |    60 |    28 ||    88
Throw: Stone             |     5 |     1 ||     6
       Tomahawk          |       |    11 ||    11
 Cast: Flame Tongue      |    36 |    66 ||   102
       Conjure Flame     |       |     7 ||     7
  Use: Potion            |       |     1 ||     1
       Scroll            |       |     6 ||     6
  Eat: Chunk             |     3 |     7 ||    10
       Royal jelly       |       |     1 ||     1
       Fruit             |       |     1 ||     1
Armor: Robe              |     9 |    10 ||    19
Dodge: Dodged            |    32 |    36 ||    68

Table legend:
 A = Spawn XP
 B = Non-spawn XP
 C = Spawn XP percentage of total XP
 D = Spawn monster count
 E = Non-spawn monster count
 F = Spawn count percentage of total count
 G = Total turns spent on level
                    A         B        C        D         E        F      G
               +---------+---------+-------+---------+---------+-------+---------
         Total |       0 |     363 |   0.0 |       0 |      69 |   0.0 |  4446
               +---------+---------+-------+---------+---------+-------+---------
           D:1 |       0 |      32 |   0.0 |       0 |      16 |   0.0 |  1207
           D:2 |       0 |      76 |   0.0 |       0 |      25 |   0.0 |  1046
           D:3 |       0 |      82 |   0.0 |       0 |      17 |   0.0 |  1221
           D:4 |       0 |     173 |   0.0 |       0 |      11 |   0.0 |   972
               +---------+---------+-------+---------+---------+-------+---------
